 Dungeon Crawl Stone Soup version 0.28-a0-726-g4a9143789a (webtiles) character file.

Game seed: 18088987271235939447

162 kae the Sneak (level 5, -8/25 HPs)
             Began as a Spriggan Enchanter on Oct 27, 2021.
             Mangled by a gnoll (10 damage)
             ... on level 3 of the Dungeon.
             The game lasted 00:02:18 (3280 turns).

kae the Sneak (Spriggan Enchanter)                  Turns: 3280, Time: 00:02:18

Health: -8/25      AC:  2    Str:  5    XL:     5   Next: 19%
Magic:  1/11       EV: 18    Int: 17    God:
Gold:   35         SH:  0    Dex: 15    Spells: 8/10 levels left

rFire   . . .      SeeInvis +   b - +2 dagger (vamp)
rCold   . . .      Faith    .   (shield restricted)
rNeg    . . .      Spirit   .   f - +0 robe
rPois   .          Reflect  .   (helmet restricted)
rElec   .          Harm     .   (no cloak)
rCorr   .          Rampage  .   (gloves unavailable)
Will    .....                   (boots unavailable)
Stlth   +++.......              (no amulet)
HPRegen 0.08/turn               (no ring)
MPRegen 0.12/turn               (no ring)

@: lethally poisoned (-8 -> -29), very quick
A: very small, no large weapons, unfitting armour, see invisible, speed 3
a: no special abilities


You were on level 3 of the Dungeon.
You visited 1 branch of the dungeon, and saw 3 of its levels.

You collected 35 gold pieces.

Inventory:

Hand Weapons
 a - a +1 short sword of speed
 b - a +2 vampiric dagger (weapon)
 g - a +1 dagger
Armour
 f - a +0 robe (worn)
Scrolls
 e - a scroll of noise {unknown}
 h - 2 scrolls of teleportation {unknown}
 i - a scroll of immolation {unknown}
 j - a scroll of amnesia {unknown}
Potions
 c - a potion of invisibility
 d - a potion of brilliance {unknown}


   Skills:
 + Level 1.1 Fighting
 * Level 3.2 Short Blades
 + Level 3.7 Dodging
 + Level 5.3 Stealth
 + Level 3.3 Spellcasting
 + Level 4.2 Hexes


You had 8 spell levels left.
You knew the following spells:

 Your Spells              Type           Power      Damage    Failure   Level
a - Ensorcelled Hibernat  Hex/Ice        20%        N/A       11%         2

Your spell library contained the following spells:

 Spells                   Type           Power      Damage    Failure   Level
 Confusing Touch          Hex            17%        N/A       9%          3
 Tukima's Dance           Hex            17%        N/A       9%          3
 Dazzling Flash           Conj/Hex       20%        N/A       22%         3


Dungeon Overview and Level Annotations

Branches:
Dungeon (2/15)

Altars:
Ashenzari
The Shining One


Innate Abilities, Weirdness & Mutations

You are very small and have problems with some larger weapons.
You are too small for most types of armour.
You have supernaturally acute eyesight. (SInv)
You cover ground extremely quickly. (Speed+++)


Message History

A gnoll is nearby!
Casting: Ensorcelled Hibernation (safe; 11% risk of failure)
Confirm with . or Enter, or press ? or * to list all spells.
Aiming: Ensorcelled Hibernation (safe; 11% risk of failure)
Press: ? - help, Shift-Dir - straight line, f - gnoll
Aim: a gnoll, wielding a +0 flail (chance to affect: 50%)
The gnoll resists with some effort.
The gnoll misses you.
Casting: Ensorcelled Hibernation (safe; 11% risk of failure)
Confirm with . or Enter, or press ? or * to list all spells.
Aiming: Ensorcelled Hibernation (safe; 11% risk of failure)
Press: ? - help, Shift-Dir - straight line, f/p - gnoll
Aim: a gnoll, wielding a +0 flail (chance to affect: 50%)
The gnoll resists with some effort.
The gnoll hits you with a +0 flail.
Casting: Ensorcelled Hibernation (safe; 11% risk of failure)
Confirm with . or Enter, or press ? or * to list all spells.
Aiming: Ensorcelled Hibernation (safe; 11% risk of failure)
Press: ? - help, Shift-Dir - straight line, f/p - gnoll
Aim: a gnoll, wielding a +0 flail (chance to affect: 50%)
The gnoll resists with some effort.
Casting: Ensorcelled Hibernation (safe; 11% risk of failure)
Confirm with . or Enter, or press ? or * to list all spells.
Aiming: Ensorcelled Hibernation (safe; 11% risk of failure)
Press: ? - help, Shift-Dir - straight line, f/p - gnoll
Aim: a gnoll, wielding a +0 flail (chance to affect: 50%)
The gnoll resists with some effort.
The gnoll closely misses you. The gnoll misses you.
Casting: Ensorcelled Hibernation (safe; 11% risk of failure)
Confirm with . or Enter, or press ? or * to list all spells.
Aiming: Ensorcelled Hibernation (safe; 11% risk of failure)
Press: ? - help, Shift-Dir - straight line, f/p - gnoll
Aim: a gnoll, wielding a +0 flail (chance to affect: 50%)
The gnoll resists with some effort.
The gnoll completely misses you.
The gnoll hits you with a +1 flail of venom!
Ouch! That really hurt!
* * * LOW HITPOINT WARNING * * *
You are lethally poisoned!
* * * LOW HITPOINT WARNING * * *
You feel very sick. The gnoll hits you with a +0 flail!
You die...

..............#.................#
..............#.......##........#
.....(........#.......###...(....
..............#..................
...............#.#...#####.......
.......g...gg..._....# #.......
..............##g#...# #.......
g...g.........#.g....# #.......
...)..........#.@....# #.......
..............#......# #..>....
..#############......# #.......
..# #......# #....... ..#
#.....)# #....... ### ########
#....... #....... ########


You could see 2 gnolls.

Vanquished Creatures
  A bullfrog skeleton (D:3)
  An iguana (D:3)
  A gnoll (D:3)
  3 adders (D:3)
  3 worms
  A dart slug (D:3)
  4 orcs (D:3)
  6 bats
  7 endoplasms
  2 giant cockroaches
  5 hobgoblins
  9 jackals
  4 ball pythons
  A goblin (D:1)
  8 kobolds
  A rat (D:2)
57 creatures vanquished.

Notes
Turn   | Place    | Note
-------+----------+-------------------------------------------
     0 | D:1      | kae the Spriggan Enchanter began the quest for the Orb.
     0 | D:1      | Reached XP level 1. HP: 9/9 MP: 5/5
   504 | D:1      | Reached XP level 2. HP: 13/13 MP: 6/6
   507 | D:1      | Learned a level 2 spell: Ensorcelled Hibernation
  1579 | D:1      | Found a faded altar of an unknown god.
  1602 | D:1      | Reached XP level 3. HP: 16/17 MP: 5/8
  2166 | D:2      | You fall into a shaft and drop 1 floor!
  2204 | D:3      | Found a glowing golden altar of the Shining One.
  2218 | D:3      | Found a broken altar of Ashenzari.
  2473 | D:3      | Reached XP level 4. HP: 21/21 MP: 6/9
  2708 | D:3      | Reached skill level 5 in Stealth
  2864 | D:3      | Reached skill level 1 in Fighting
  3094 | D:3      | Reached XP level 5. HP: 25/25 MP: 1/11
  3280 | D:3      | Mangled by a gnoll

Illustrated notes

Levels and vault maps discovered:
D:1:      dpeg_arrival_circle_labyrinth_a, layout_rooms,
          dilly_ecumenical_altar_fadedgnrine
D:2:      layout_basic, kennysheep_generic_room_11
D:3:      layout_basic, ashenzari_altar_1, mainiacjoe_overflow_small_starburst

Skill      XL: |  1  2  3  4 |
---------------+-------------+-----
Dodging        | 3 |  3.7
Short Blades   | 2 3 |  3.2
Spellcasting   | 3 |  3.3
Hexes          | 4 |  4.2
Stealth        | 5 |  5.3
Fighting       | 1 |  1.1

Action                   |  1- 3 |  4- 6 || total
-------------------------+-------+-------++-------
Melee: Dagger            |   146 |    74 ||   220
 Cast: Ensorcelled Hiber |    14 |    19 ||    33
 Stab: Sleeping          |    22 |     7 ||    29
Armor: Robe              |    20 |     7 ||    27
Dodge: Dodged            |   107 |    64 ||   171

Table legend: (Time is in decaauts)
 A = Elapsed time spent in this place.
 B = Non-inter-level travel time spent in this place.
 C = Inter-level travel time spent in this place.
 D = Time resting spent in this place.
 E = Time spent auto-exploring this place.
 F = Levels seen in this place.
 G = Mean time per level.
                   A        B        C        D        E       F      G
               +--------+--------+--------+--------+--------+-----+--------+
         Total |   2745 |   2668 |     77 |    599 |   1597 |   3 |  915.0 |
       Dungeon |   2745 |   2668 |     77 |    599 |   1597 |   3 |  915.0 |
               +--------+--------+--------+--------+--------+-----+--------+

Top non-repeatable levels by time:
     D:1: 1380 daAuts
     D:3: 956 daAuts
     D:2: 408 daAuts
